 Dungeon Crawl Stone Soup version 0.23-a0-558-g30802b1 (webtiles) character file.

169 KristoblXynda the Charlatan (level 5, -2/25 HPs)
             Began as a Spriggan Artificer on Dec 11, 2018.
             Was an Initiate of Yredelemnul.
             Slain by a slave (10 damage)
             ... led by Pikel
             ... on level 4 of the Dungeon.
             The game lasted 00:05:42 (4734 turns).

KristoblXynda the Charlatan (Spriggan Artificer)    Turns: 4734, Time: 00:05:42

Health: -2/25      AC:  2    Str:  9    XL:     5   Next: 25%
Magic:  9/9        EV: 20    Int: 12    God:    Yredelemnul [......]
Gold:   167        SH:  0    Dex: 17    Spells: 4/4 levels left

rFire    . . .     SeeInvis +   a - +1 short sword
rCold    . . .     Gourm    .   (shield restricted)
rNeg     . . .     Faith    .   b - +0 robe
rPois    .         Spirit   .   (helmet restricted)
rElec    .         Reflect  .   (no cloak)
rCorr    .         Harm     .   (gloves unavailable)
MR       .....                  (boots unavailable)
Stlth    +++.......             (no amulet)
HPRegen  0.08/turn              (no ring)
MPRegen  0.11/turn              (no ring)

@: very quick
A: very small, unfitting armour, see invisible, herbivore, speed 3, slow
metabolism 2
a: Renounce Religion


You were on level 4 of the Dungeon.
You worshipped Yredelemnul.
Yredelemnul was noncommittal.
You were not hungry.

You visited 1 branch of the dungeon, and saw 4 of its levels.

You collected 167 gold pieces.

Inventory:

Hand Weapons
 a - a +1 short sword (weapon)
Armour
 b - a +0 robe (worn)
Wands
 c - a wand of flame (7)
 d - a wand of enslavement (13)
 e - a wand of random effects (11)
 o - a wand of scattershot (7)
Scrolls
 i - 3 scrolls of teleportation
 p - a scroll of identify
 r - a scroll of enchant armour {unknown}
Potions
 g - a potion of invisibility
 h - a potion of haste {unknown}
 j - a potion of lignification
 k - 3 potions of heal wounds
 l - a potion of berserk rage {unknown}
 m - 2 potions of magic {unknown}
 n - a potion of agility {unknown}
 q - a potion of degeneration {unknown}
Comestibles
 f - a ration


   Skills:
 - Level 0.7 Fighting
 + Level 2.9 Short Blades
 + Level 4.7 Dodging
 + Level 4.2 Stealth
 + Level 5.2 Evocations


You had 4 spell levels left.
You didn't know any spells.
Your spell library was empty.

Dungeon Overview and Level Annotations

Branches:
Dungeon (4/15)
 Temple: D:4-7

Altars:
Yredelemnul

Annotations:
D:4 Pikel


Innate Abilities, Weirdness & Mutations

You are very small and have problems with some larger weapons.
You are too small for most types of armour.
You have supernaturally acute eyesight. (SInv)
You are a herbivore.
You cover ground extremely quickly.
You need to consume almost no food.


Message History

The fireball engulfs the adder.
You kill the adder!
Yredelemnul accepts your kill.
The orc shouts! x2; You hear an angry hiss.
You hear a shout!
A bullfrog comes into view.
Pikel completely misses you.
You completely miss Pikel.
Pikel is almost dead.
Pikel looks more healthy.
An adder comes into view.
An orc comes into view. It is wielding a +0 club.
An orc comes into view.
Pikel cracks his whip.
Pikel completely misses you.
The slave looks more healthy.
You open the door. The bullfrog hits you. x2
There is an open door here.
The slave hits you!
You die...
Your body rises from the dead as a mindless zombie.

#. . #. o.#
#.###
..o.#...###
....So..K.#
..###...#F####
#.###.#p#....#
.....#.#.p###
##..#p#@.##p.#
#....p(......#
#.##.#..##...#
# #.<#..# ...
####..# ..
...# # ...#
####


You could see Pikel, 2 slaves and a bullfrog.

Vanquished Creatures
  4 gnolls (D:2)
  5 adders
  2 oozes
  3 worms
  2 dart slugs (D:1)
  A leopard gecko (D:1)
  2 orcs (D:3)
  5 giant cockroaches
  8 goblins
  7 hobgoblins
  5 kobolds
  A ball python (D:3)
  7 bats
  6 frilled lizards
  7 rats
65 creatures vanquished.

Notes
Turn   | Place    | Note
-------+----------+-------------------------------------------
     0 | D:1      | KristoblXynda the Spriggan Artificer began the quest for
                  | the Orb.
     0 | D:1      | Reached XP level 1. HP: 9/9 MP: 4/4
   249 | D:1      | Reached XP level 2. HP: 4/14 MP: 6/6
  1344 | D:1      | Reached XP level 3. HP: 13/17 MP: 7/7
  2744 | D:2      | Reached XP level 4. HP: 8/21 MP: 8/8
  3328 | D:2      | Reached skill level 5 in Evocations
  3774 | D:3      | Found a basalt altar of Yredelemnul.
  3788 | D:3      | Reached XP level 5. HP: 6/25 MP: 9/9
  4022 | D:3      | Became a worshipper of Yredelemnul the Dark
  4715 | D:4      | Noticed Pikel
  4715 | D:4      | Noticed a slave
  4716 | D:4      | Noticed a slave
  4716 | D:4      | Noticed a slave
  4716 | D:4      | Noticed a slave
  4734 | D:4      | Slain by a slave

Vault maps used:
D:1:      ncdulo_lavacross
D:2:      patterned_corridor
D:3:      lemuel_coloured_pillars_altar
D:4:      cheibriados_altar_1, serial_corexii_hall, chequers_hall_statues_y,
          corexii_hall_statues_x, corexii_hall_statues_x,
          chequers_hall_statues_corner_a, uniq_eustachio, uniq_natasha,
          uniq_pikel

Skill      XL: |  1  2  3  4  5 |
---------------+----------------+-----
Stealth        | 2 3 4 |  4.2
Short Blades   | 2 |  2.9
Dodging        | 4 |  4.7
Evocations     | 5 |  5.2
Fighting       | |  0.7

Action                   |  1- 3 |  4- 6 || total
-------------------------+-------+-------++-------
Melee: Short sword       |   152 |   124 ||   276
Evoke: Wand              |     1 |    13 ||    14
  Use: Scroll            |     6 |     3 ||     9
 Stab: Sleeping          |     6 |     1 ||     7
  Eat: Ration            |       |     1 ||     1
Armor: Robe              |    19 |     2 ||    21
Dodge: Dodged            |   116 |    95 ||   211

Table legend:
 A = Non-vault XP
 B = Vault XP
 C = Vault XP percentage of total XP
 D = Non-vault monster count
 E = Vault monster count
 F = Vault count percentage of total count
                 A         B        C        D         E       F
            +---------+---------+-------+---------+---------+-------
      Total |     242 |       0 |   0.0 |      65 |       0 |   0.0
            +---------+---------+-------+---------+---------+-------
        D:1 |      55 |       0 |   0.0 |      32 |       0 |   0.0
        D:2 |     119 |       0 |   0.0 |      20 |       0 |   0.0
        D:3 |      55 |       0 |   0.0 |      12 |       0 |   0.0
        D:4 |      13 |       0 |   0.0 |       1 |       0 |   0.0
            +---------+---------+-------+---------+---------+-------
